 Dungeon Crawl Stone Soup version 0.28-a0-32-g8dfe7f97f6 (webtiles) character file.

Game seed: 9208638110856136433

338 BorisBritva the Skirmisher (level 6, 0/49 HPs)
             Began as a Demonspawn Chaos Knight on July 27, 2021.
             Was a Plaything of Xom.
             Slain by Pikel (1 damage)
             ... on level 4 of the Dungeon.
             The game lasted 00:09:34 (2754 turns).

BorisBritva the Skirmisher (DsCK)                   Turns: 2754, Time: 00:09:34

Health: 0/49       AC:  6    Str: 14    XL:     6   Next: 29%
Magic:  6/6        EV:  8    Int: 12    God:    Xom [......]
Gold:   124        SH:  8    Dex: 16    Spells: 5/5 levels left

rFire   . . .      SeeInvis .   i - +1 short sword (vamp)
rCold   + . .      Faith    +   e - +0 kite shield {AC+3}
rNeg    . . .      Spirit   .   b - +2 leather armour
rPois   +          Reflect  .   (no helmet)
rElec   .          Harm     .   (no cloak)
rCorr   .          Rampage  .   (no gloves)
Will    +....                   (no boots)
Stlth   ++........              f - amulet of faith
HPRegen 0.16/turn               (no ring)
MPRegen 0.10/turn               (no ring)

@: no status effects
A: talons 2, thin skeletal structure 1, foul stench 1, spiny 1, agile 1, cold
resistance 1, deformed body, dopey 1, strong-willed 1, poison resistance
a: Renounce Religion


You were on level 4 of the Dungeon.
You worshipped Xom.
You were a very special plaything of Xom.
You visited 1 branch of the dungeon, and saw 4 of its levels.

You collected 214 gold pieces.
You spent 90 gold pieces at shops.

Inventory:

Hand Weapons
 a - a +0 falchion of chaos
 i - a +1 vampiric short sword (weapon)
Armour
 b - a +2 leather armour (worn)
 e - a +0 kite shield of protection (worn)
Magical Staves
 j - a staff of conjuration
Jewellery
 f - an amulet of faith (around neck)
Scrolls
 h - 4 scrolls of enchant armour
 k - a scroll of noise {unknown}
 m - a scroll of summoning
 n - 2 scrolls of identify {unknown}
 o - a scroll of blinking {unknown}
Potions
 c - 2 potions of mutation {unknown}
 g - 4 potions of heal wounds {unknown}
 l - a potion of curing {unknown}
 p - a potion of cancellation {unknown}


   Skills:
 + Level 4.4 Fighting
 + Level 2.7(3.7) Short Blades
 + Level 3.9(4.3) Long Blades
 + Level 2.7 Armour
 - Level 0.8 Dodging
 + Level 1.5 Shields


You had 5 spell levels left.
You didn't know any spells.
Your spell library contained the following spells:

 Spells                   Type           Power      Damage    Failure   Level
 Summon Guardian Golem    Hex/Summ       0%         N/A       100%        3
 Orb of Destruction       Conj           0%         N/A       100%        7
 Spellforged Servitor     Conj/Summ      0%         N/A       100%        7


Dungeon Overview and Level Annotations

Branches:
Dungeon (4/15)
 Temple: D:4-7

Altars:
Makhleb
Ru
Uskayaw
Wu Jian
Yredelemnul

Shops:
D:2 ?

Annotations:
D:4 Pikel


Innate Abilities, Weirdness & Mutations

You have razor-sharp toenails.
You have a somewhat thin skeletal structure. (Dex +2, Stealth+)
You may rarely emit foul miasma when damaged in melee.
You are partially covered in sharp spines.
You are agile. (Dex +2)
Your flesh is cold resistant. (rC+)
Armour fits poorly on your strangely shaped body.
You are dopey. (Int -2)
You are strong-willed. (Will+)
Your system is resistant to poisons. (rPois)


Message History

You hit the ogre.
You feel better.
The ogre is lightly wounded.
The lemure barely misses you. You block the ogre's attack.
You puncture the ogre!
You feel better.
You claw the ogre.
The ogre is heavily wounded.
The lemure barely misses you. The ogre is struck by your spines.
The ogre hits you with a +0 giant spiked club!
You emit a cloud of foul miasma!
Your shield prevents you from hitting the ogre.
You claw the ogre.
The ogre is severely wounded.
The lemure closely misses you. You block the lemure's attack.
The ogre is engulfed in dark miasma.
The ogre is poisoned.
The ogre hits you with a +0 giant spiked club!!
* * * LOW HITPOINT WARNING * * *
You hit the ogre.
You feel better.
You claw the ogre.
The ogre is almost dead.
You kill the ogre!
The lemure hits you.
* * * LOW HITPOINT WARNING * * *
Pikel hits you with a +2 whip of freezing.
* * * LOW HITPOINT WARNING * * *
The lemure hits you but does no damage.
You have reached level 6!
Your experience leads to an increase in your attributes!
Your base attributes are Str 13, Int 14, Dex 14.
Increase (S)trength, (I)ntelligence, or (D)exterity?
You feel stronger.
Your demonic ancestry asserts itself...
Your toenails lengthen and sharpen.
Xom is mildly amused.
You closely miss Pikel. You claw Pikel.
Pikel is lightly wounded.
The lemure hits you.
* * * LOW HITPOINT WARNING * * *
Pikel is struck by your spines.
Pikel hits you with a +2 whip of freezing.
* * * LOW HITPOINT WARNING * * *
Pikel freezes you.
You die...
Xom laughs nastily!

#.. ##..
...######
..#.... .....
##... ##...##
##..K@.##
##...☼55.##
..##
#.........##
#..#
#...........#
#..#
............#
#..#
.............#
###..#
............##
.....##
...........>#
......#
.............


You could see Pikel and 2 lemures.

Vanquished Creatures
  An ogre (D:4)
  A lemure (D:4)
  A hound (D:3)
  An orc priest (D:3)
  Terence (D:2)
  2 orc wizards
  5 adders
  A worm (D:2)
  An adder skeleton (D:4)
  3 dart slugs
  5 orcs
  6 ball pythons
  5 endoplasms
  2 giant cockroaches
  5 goblins
  3 hobgoblins (D:3)
  2 jackals (D:2)
  8 kobolds
  A quokka (D:2)
  2 bats (D:2)
  3 frilled lizards
  8 rats
67 creatures vanquished.

Vanquished Creatures (collateral kills)
  A lemure (D:4)
  A worm (D:2)
  2 endoplasms
  A jackal (D:2)
  A bat (D:2)
  A rat (D:2)
7 creatures vanquished.

Grand Total: 74 creatures vanquished

Notes
Turn   | Place    | Note
-------+----------+-------------------------------------------
     0 | D:1      | BorisBritva the Demonspawn Chaos Knight began the quest for
                  | the Orb.
     0 | D:1      | Reached XP level 1. HP: 18/18 MP: 1/1
   276 | D:1      | Gained mutation: You have sharp toenails. [demonic
                  | ancestry]
   276 | D:1      | Reached XP level 2. HP: 24/24 MP: 2/2
   531 | D:1      | XOM: potion effect (haste)
   662 | D:1      | XOM: divination: magic mapping
   726 | D:1      | XOM: god gift: staff of conjuration
   883 | D:2      | XOM: give mutation
   883 | D:2      | Gained mutation: Your flesh is cold resistant. (rC+) [Xom's
                  | grace]
   978 | D:2      | Gained mutation: You may rarely emit foul miasma when
                  | damaged in melee. [demonic ancestry]
   978 | D:2      | Reached XP level 3. HP: 29/29 MP: 3/3
   982 | D:2      | Noticed Terence
   982 | D:2      | XOM: enchant monster (good)
   984 | D:2      | Found a faded altar of an unknown god.
   986 | D:2      | XOM: enchant monster (good)
   990 | D:2      | XOM: snakes to sticks
   992 | D:2      | XOM: summons 3 friendly demons
  1016 | D:2      | Killed Terence
  1099 | D:2      | XOM: cloud trail
  1130 | D:2      | Gained mutation: You are partially covered in sharp spines.
                  | [demonic ancestry]
  1130 | D:2      | Reached XP level 4. HP: 37/37 MP: 4/4
  1140 | D:2      | XOM: snakes to sticks
  1229 | D:2      | Found Kytimat's Magic Scroll Emporium.
  1232 | D:2      | Bought a scroll of enchant armour for 90 gold pieces
  1248 | D:2      | XOM: give mutations
  1248 | D:2      | Gained mutation: Your system is resistant to poisons.
                  | (rPois) [Xom's grace]
  1248 | D:2      | Gained mutation: You are agile. (Dex +2) [Xom's grace]
  1248 | D:2      | Gained mutation: You are strong-willed. (Will+) [Xom's
                  | grace]
  1248 | D:2      | Gained mutation: Your mind is acute. (Int +2) [Xom's grace]
  1356 | D:3      | Reached skill level 4 in Fighting
  1358 | D:3      | Reached skill level 1 in Short Blades
  1358 | D:3      | Gained mutation: You have a somewhat thin skeletal
                  | structure. (Dex +2, Stealth+) [demonic ancestry]
  1358 | D:3      | Reached XP level 5. HP: 30/42 MP: 5/5
  1358 | D:3      | XOM: silly message
  1623 | D:3      | XOM: 1-stop teleportation journey
  1749 | D:3      | Reached skill level 1 in Shields
  1805 | D:3      | Found a sacrificial altar of Ru.
  1817 | D:3      | Found a basalt altar of Yredelemnul.
  1820 | D:3      | Found a hide-covered altar of Uskayaw.
  1835 | D:3      | Found a burning altar of Makhleb.
  1962 | D:3      | XOM: noise
  2113 | D:3      | Found an ornate altar of the Wu Jian Council.
  2258 | D:4      | XOM: give mutation
  2258 | D:4      | Gained mutation: Your muscles are strong. (Str +2) [Xom's
                  | grace]
  2328 | D:4      | Noticed a lemure
  2328 | D:4      | Noticed a lemure
  2329 | D:4      | Noticed Pikel
  2329 | D:4      | Noticed a lemure
  2330 | D:4      | Noticed a lemure
  2331 | D:4      | XOM: fake destruction
  2351 | D:4      | XOM: cast spell 'Monstrous Menagerie'
  2359 | D:4      | Killed a lemure
  2365 | D:4      | Killed a lemure
  2402 | D:4      | XOM: give mutations
  2402 | D:4      | Lost mutation: Your muscles are strong. (Str +2) [Xom's
                  | mischief]
  2402 | D:4      | Lost mutation: Your mind is acute. (Int +2) [Xom's
                  | mischief]
  2402 | D:4      | Gained mutation: Armour fits poorly on your strangely
                  | shaped body. [Xom's mischief]
  2402 | D:4      | Gained mutation: You are dopey. (Int -2) [Xom's mischief]
  2469 | D:4      | Noticed a steam dragon
  2732 | D:4      | XOM: summons 1 hostile shadow creature
  2744 | D:4      | XOM: summons 1 hostile demon
  2745 | D:4      | Noticed a chaos spawn
  2746 | D:4      | XOM: 1-stop teleportation journey
  2746 | D:4      | Noticed an ogre
  2753 | D:4      | Killed an ogre
  2754 | D:4      | Gained mutation: You have razor-sharp toenails. [demonic
                  | ancestry]
  2754 | D:4      | Reached XP level 6. HP: 10/49 MP: 6/6
  2754 | D:4      | HP: 1/49 [Pikel (4)]
  2754 | D:4      | Slain by Pikel

Illustrated notes

Levels and vault maps discovered:
D:1:      amcnicky_arrival_blooded_trapdoor, layout_loops_ring,
          serial_park_tiny_pond
D:2:      layout_rooms, serial_shops, nicolae_shop_behind_doors,
          basic_ecumenical_altar, st_stairs_12, uniq_terence
D:3:      layout_basic, grunt_temple_overflow_cloverleaf,
          lemuel_coloured_pillars_altar
D:4:      layout_cave_pods, amcnicky_altar_gilded, gammafunk_ghost_grave,
          uniq_robin, uniq_pikel

Skill      XL: |  1  2  3  4  5 |
---------------+----------------+-----
Long Blades    | 3 |  3.9
Armour         | 2 |  2.7
Fighting       | 4 |  4.4
Short Blades   | 1 2 |  2.7
Shields        | 1 |  1.5
Dodging        | |  0.8

Action                   |  1- 3 |  4- 6 || total
-------------------------+-------+-------++-------
Melee: Falchion          |    47 |       ||    47
       Short sword       |    41 |    95 ||   136
       Kick              |    10 |    33 ||    43
  Use: Scroll            |       |     2 ||     2
 Stab: Sleeping          |       |     3 ||     3
Armor: Leather armour    |    37 |    26 ||    63
Dodge: Dodged            |    39 |    36 ||    75
Block: Kite shield       |    16 |    32 ||    48
       Rpst.: Falchion   |     4 |       ||     4

Table legend: (Time is in decaauts)
 A = Elapsed time spent in this place.
 B = Non-inter-level travel time spent in this place.
 C = Inter-level travel time spent in this place.
 D = Time resting spent in this place.
 E = Time spent auto-exploring this place.
 F = Levels seen in this place.
 G = Mean time per level.
                   A        B        C        D        E       F      G
               +--------+--------+--------+--------+--------+-----+--------+
         Total |   2789 |   2692 |     97 |      0 |   2135 |   4 |  697.2 |
       Dungeon |   2789 |   2692 |     97 |      0 |   2135 |   4 |  697.2 |
               +--------+--------+--------+--------+--------+-----+--------+

Top non-repeatable levels by time:
     D:3: 1084 daAuts
     D:1: 822 daAuts
     D:2: 541 daAuts
     D:4: 341 daAuts
